 Dungeon Crawl Stone Soup version 0.25.0-11-g1f837a76a1 (webtiles) character file.

Game seed: 8640970314829441868

1277 MisterFreud the Cruncher (level 8, -8/64 HPs)
             Began as a Formicid Fighter on June 27, 2020.
             Mangled by an orc warrior
             ... wielding a +0 halberd
              (20 damage)
             ... on level 6 of the Dungeon.
             The game lasted 00:04:11 (3537 turns).

MisterFreud the Cruncher (Formicid Fighter)         Turns: 3537, Time: 00:04:12

Health: -8/64      AC:  9    Str: 22    XL:     8   Next: 84%
Magic:  8/8        EV:  6    Int:  9    God:
Gold:   166        SH:  9    Dex: 10    Spells: 7/7 levels left

rFire    . . .     SeeInvis +   a - +0 quarterstaff
rCold    . . .     Gourm    .   c - +0 kite shield
rNeg     . . .     Faith    .   h - +0 chain mail
rPois    .         Spirit   .   (helmet unavailable)
rElec    .         Reflect  .   (no cloak)
rCorr    .         Harm     .   (no gloves)
MR       .....                  (no boots)
Stlth    ..........             q - amulet of magic regeneration (curse)
HPRegen  0.20/turn              (no ring)
MPRegen  0.36/turn              (no ring)

@: no status effects
A: permanent stasis, dig shafts and tunnels, four strong arms, antennae 3
a: Dig, Shaft Self


You were on level 6 of the Dungeon.
You were not hungry.

You visited 1 branch of the dungeon, and saw 6 of its levels.

You collected 166 gold pieces.

Inventory:

Hand Weapons
 a - a +0 quarterstaff (weapon)
Armour
 b - a +0 scale mail
 c - a +0 kite shield (worn)
 h - a +0 chain mail (worn)
Jewellery
 q - a cursed amulet of magic regeneration (around neck)
Wands
 j - a wand of paralysis (10)
 m - a wand of clouds (6)
Scrolls
 g - 2 scrolls of remove curse {unknown}
 k - a scroll of immolation {unknown}
 o - 4 scrolls of identify {unknown}
 p - a scroll of magic mapping {unknown}
Potions
 d - a potion of might
 e - a potion of curing {unknown}
 i - a potion of cancellation {unknown}
 l - a potion of lignification {unknown}
 n - a potion of flight {unknown}
 r - a potion of berserk rage {unknown}
 s - a potion of haste {unknown}
Comestibles
 f - 8 rations


   Skills:
 - Level 6.0 Fighting
 + Level 9.0 Staves
 - Level 3.2 Armour
 - Level 4.2 Shields


You had 7 spell levels left.
You didn't know any spells.
Your spell library was empty.

Dungeon Overview and Level Annotations

Branches:
Dungeon (6/15)
 Temple: D:4-7

Altars:
Trog


Innate Abilities, Weirdness & Mutations

You cannot be hasted, slowed, berserked, paralysed or teleported.
You can dig through walls and to a lower floor.
Your four strong arms can wield two-handed weapons with a shield.
You have a pair of large antennae on your head. (SInv)


Message History

The orc wizard hits you but does no damage.
You sock the orc wizard!
You kill the orc wizard!
Your Staves skill increases to level 9!
The orc warrior hits you from afar with a +0 halberd!
The orc warrior hits you with a +0 halberd!
Things that are here:
a +0 dagger; a +0 robe You hit the orc warrior.
The orc warrior is lightly wounded.
The orc warrior hits you with a +0 halberd!
* * * LOW HITPOINT WARNING * * *
You hit the orc warrior but do no damage.
The orc warrior is lightly wounded.
The orc wizard mumbles some strange words.
The orc wizard flickers and vanishes for a moment.
You closely miss the orc warrior.
The orc warrior is lightly wounded.
The orc warrior hits you with a +0 halberd!!
You die...

#.#####.....#..........#
#.....<{.......#######.#
##.# ##########.##.##
#.# ...# ##.##.######
#.# ####
#..##.##...###.#
#.###.#.###.##.#
#o#....## ##)#.### ##
#o#...## ##).... .###
#@#...# #..... ...#
#.#...## ##.#### .#.#
####.#....## ##.## ## #
#......#...###..#
#....##.#.<.##...#.#####
.$.. #.##...........##.
... #.######.####...#.
.. ..# ##.#........ .
### ###...#.#...#.


You could see an orc warrior and an orc wizard (invisible).

Vanquished Creatures
  A hippogriff (D:6)
  3 eyes of draining (D:4)
  A sky beast (D:5)
  A bullfrog (D:6)
  2 scorpions
  A howler monkey (D:6)
  A crimson imp (D:6)
  A centaur zombie (D:6)
  A hound (D:4)
  A jelly (D:5)
  A bullfrog skeleton (D:4)
  An iguana (D:4)
  3 worker ants
  5 orc wizards
  2 hound skeletons
  7 gnolls
  4 adders
  An adder skeleton (D:4)
  An adder zombie (D:6)
  A worm (D:5)
  A leopard gecko (D:4)
  6 orcs
  2 ball pythons (D:5)
  A giant cockroach (D:2)
  A goblin (D:3)
  4 jackals (D:4)
  A kobold (D:2)
  3 quokkas
  A bat (D:3)
  A quokka skeleton (D:4)
  3 rats (D:5)
63 creatures vanquished.

Notes
Turn   | Place    | Note
-------+----------+-------------------------------------------
     0 | D:1      | MisterFreud the Formicid Fighter began the quest for the
                  | Orb.
     0 | D:1      | Reached XP level 1. HP: 18/18 MP: 1/1
     3 | D:1      | You fall into a shaft and drop 1 floor!
    12 | D:2      | Reached XP level 2. HP: 15/24 MP: 2/2
   155 | D:2      | You fall into a shaft and drop 1 floor!
   163 | D:3      | You fall into a shaft and drop 3 floors!
   260 | D:6      | Reached skill level 3 in Staves
   260 | D:6      | Reached XP level 3. HP: 16/29 MP: 3/3
   521 | D:6      | Noticed a bullfrog
   534 | D:6      | Killed a bullfrog
   534 | D:6      | Reached skill level 4 in Staves
   534 | D:6      | Reached XP level 4. HP: 9/35 MP: 4/4
   534 | D:6      | Reached XP level 5. HP: 10/41 MP: 5/5
   828 | D:6      | Noticed an orc warrior
   832 | D:5      | Entered Level 5 of the Dungeon
   839 | D:5      | Noticed a sky beast
   849 | D:5      | Killed a sky beast
   849 | D:5      | Reached skill level 5 in Staves
   849 | D:5      | Reached XP level 6. HP: 38/47 MP: 6/6
   920 | D:5      | Reached skill level 6 in Staves
  1727 | D:4      | Noticed an eye of draining
  1728 | D:4      | Found a bloodstained altar of Trog.
  1728 | D:4      | Noticed an eye of draining
  1756 | D:4      | Killed an eye of draining
  1756 | D:4      | Reached XP level 7. HP: 51/55 MP: 0/7
  1773 | D:4      | Reached skill level 5 in Fighting
  1773 | D:4      | Reached skill level 7 in Staves
  1933 | D:4      | Reached XP level 8. HP: 50/63 MP: 8/8
  3048 | D:6      | Noticed a hippogriff
  3070 | D:6      | Killed a hippogriff
  3070 | D:6      | Reached skill level 8 in Staves
  3533 | D:6      | Reached skill level 9 in Staves
  3537 | D:6      | Mangled by an orc warrior

Illustrated notes

Levels and vault maps discovered:
D:1:      lightli_arrival_windingriver, layout_rooms
D:2:      layout_rooms, minmay_misc_feat_rugged, uniq_jessica, uniq_sigmund
D:3:      layout_loops_ring, minmay_rat_hole, uniq_ijyb
D:4:      layout_loops_ring, trog_eyes_of_draining, first_ration
D:5:      layout_loops_ring, serial_shops, nicolae_shop_behind_doors,
          portal_sewer_entry_b
D:6:      layout_loops_ring, serial_shops, shop, grunt_ministairs_3

Skill      XL: |  1  2  3  4  5  6  7  8 |
---------------+-------------------------+-----
Shields        | 4 |  4.2
Staves         | 3 4 5 6 7 9 |  9.0
Fighting       | 4 5 6 |  6.0
Armour         | |  3.2

Action                   |  1- 3 |  4- 6 |  7- 9 || total
-------------------------+-------+-------+-------++-------
Melee: Quarterstaff      |    37 |    90 |   196 ||   323
 Abil: Shaft Self        |     3 |       |       ||     3
       Dig               |     1 |     1 |       ||     2
  Eat: Chunk             |       |     4 |     6 ||    10
Armor: Scale mail        |     4 |    10 |       ||    14
       Chain mail        |       |     8 |    73 ||    81
Dodge: Dodged            |    13 |    21 |    44 ||    78
Block: Kite shield       |    19 |    32 |    91 ||   142
